TOP OF THE 1ST |
Barry's Bay Orioles batting - Pitching for Evanston Elitists : RHP Arthur Martínez
|
Pitching: RHP Arthur Martínez
|
|
Batting: RHB Jason Ward
|
0-0: Ball 1-0: Swinging Strike 1-1: Foul Ball, location: 2F 1-2: Ball 2-2: Strikes out looking
|
Batting: RHB Bill Pike
|
0-0: Foul Ball, location: 2F 0-1: Swinging Strike 0-2: SINGLE (Line Drive, 56D)
|
Batting: SHB Garrett Waller
|
0-0: Ball 1-0: Foul Ball, location: 2F 1-1: Called Strike Bill Pike is caught stealing 2nd base 1-2: Ball 2-2: Strikes out swinging
|
Top of the 1st over - 0 run(s), 1 hit(s), 0 error(s), 0 left on base; Barry's Bay 0 - Evanston 0 |
BOTTOM OF THE 1ST |
Evanston Elitists batting - Pitching for Barry's Bay Orioles : RHP Tim Osborne
|
Pitching: RHP Tim Osborne
|
|
Batting: LHB Luis Rodríguez
|
0-0: Ball 1-0: Ball 2-0: Swinging Strike 2-1: Foul Ball, location: 2F 2-2: Strikes out swinging
|
Batting: SHB Jacob Wilcox
|
0-0: Swinging Strike 0-1: Foul Ball, location: 2F 0-2: Ball 1-2: Strikes out looking
|
Batting: RHB Jorge Calderón
|
0-0: Called Strike 0-1: Foul Ball, location: 2F 0-2: Ball 1-2: Ball 2-2: Strikes out swinging
|
Bottom of the 1st over - 0 run(s), 0 hit(s), 0 error(s), 0 left on base; Barry's Bay 0 - Evanston 0 |
TOP OF THE 2ND |
Barry's Bay Orioles batting - Pitching for Evanston Elitists : RHP Arthur Martínez
|
Batting: RHB Troy González
|
0-0: Swinging Strike 0-1: Foul Ball, location: 2F 0-2: Foul Ball, location: 2F 0-2: Strikes out swinging
|
Batting: SHB Terry Christian
|
0-0: Called Strike 0-1: Swinging Strike 0-2: Strikes out looking
|
Batting: LHB T.J. Richardson
|
0-0: Swinging Strike 0-1: Ground out 4-3 (Groundball, 4MD)
|
Top of the 2nd over - 0 run(s), 0 hit(s), 0 error(s), 0 left on base; Barry's Bay 0 - Evanston 0 |
BOTTOM OF THE 2ND |
Evanston Elitists batting - Pitching for Barry's Bay Orioles : RHP Tim Osborne
|
Batting: RHB Henry Morris
|
0-0: Called Strike 0-1: Foul Ball, location: 2F 0-2: Strikes out swinging
|
Batting: LHB Alberto Varela
|
0-0: Foul Ball, location: 2F 0-1: Swinging Strike 0-2: Ball 1-2: Ground out 6-3 (Groundball, 6)
|
Batting: RHB Miguel Toro
|
0-0: Ball 1-0: Ball 2-0: Fly out, F8 (Flyball, 8RM)
|
Bottom of the 2nd over - 0 run(s), 0 hit(s), 0 error(s), 0 left on base; Barry's Bay 0 - Evanston 0 |
TOP OF THE 3RD |
Barry's Bay Orioles batting - Pitching for Evanston Elitists : RHP Arthur Martínez
|
Batting: RHB Octávio Aldeguer
|
0-0: Ball 1-0: Called Strike 1-1: SINGLE (Groundball, 4M) (infield hit)
|
Batting: RHB Jake Erickson
|
0-0: Foul Ball, location: 2F 0-1: Ball 1-1: Foul Ball, location: 2F 1-2: Ball 2-2: Strikes out swinging
|
Batting: LHB Joe Vásquez
|
0-0: Called Strike 0-1: Foul Ball, location: 2F 0-2: Foul Ball, location: 2F 0-2: Foul Ball, location: 2F 0-2: Foul Ball, location: 2F 0-2: Ball 1-2: Ball 2-2: Ball 3-2: Foul Ball, location: 2F 3-2: Foul Ball, location: 2F 3-2: Foul Ball, location: 2F 3-2: Hit by Pitch Octávio Aldeguer to second
|
Batting: RHB Jason Ward
|
0-0: Ball 1-0: Foul Ball, location: 2F 1-1: Ball 2-1: Foul Ball, location: 2F 2-2: Ball 3-2: SINGLE (Groundball, 56D) Octávio Aldeguer to third Joe Vásquez to second Runner from 3rd tries for Home, SAFE, no throw
|
Batting: RHB Bill Pike
|
0-0: Ball 1-0: Ball 2-0: Ball 3-0: Base on Balls Joe Vásquez to third Jason Ward to second
|
Batting: SHB Garrett Waller
|
0-0: Called Strike 0-1: Fly out, F4 (Line Drive, 4)
|
Batting: RHB Troy González
|
0-0: Ball 1-0: Ground out 3-1 (Groundball, 34S)
|
Top of the 3rd over - 1 run(s), 2 hit(s), 0 error(s), 3 left on base; Barry's Bay 1 - Evanston 0 |
BOTTOM OF THE 3RD |
Evanston Elitists batting - Pitching for Barry's Bay Orioles : RHP Tim Osborne
|
Batting: RHB Jerry Browning
|
0-0: Ball 1-0: Foul Ball, location: 2F 1-1: SOLO HOME RUN (Flyball, 78XD), Distance : 398 ft
|
Batting: RHB Ron Newcombe
|
0-0: Called Strike 0-1: SINGLE (Line Drive, 7LM)
|
Batting: LHB Jean-Sébastien Beaudin
|
0-0: Ball 1-0: Ball 2-0: Foul Ball, location: 2F 2-1: Called Strike 2-2: Ball 3-2: Strikes out looking
|
Batting: LHB Luis Rodríguez
|
0-0: DOUBLE (Flyball, 89D) Ron Newcombe to third
|
Batting: SHB Jacob Wilcox
|
0-0: Fly out, F7 (Flyball, 7S)
|
Batting: RHB Jorge Calderón
|
0-0: Ball 1-0: 3-RUN HOME RUN (Flyball, 78XD), Distance : 395 ft
|
Batting: RHB Henry Morris
|
0-0: SINGLE (Flyball, 9LS)
|
Batting: LHB Alberto Varela
|
0-0: Ball Henry Morris steals 2nd base 1-0: Ball 2-0: Called Strike 2-1: Ground out 4-3 (Groundball, 4)
|
Bottom of the 3rd over - 4 run(s), 5 hit(s), 0 error(s), 1 left on base; Barry's Bay 1 - Evanston 4 |
TOP OF THE 4TH |
Barry's Bay Orioles batting - Pitching for Evanston Elitists : RHP Arthur Martínez
|
Batting: SHB Terry Christian
|
0-0: Ball 1-0: Called Strike 1-1: Foul Ball, location: 2F 1-2: Ball 2-2: SINGLE (Line Drive, 4MD)
|
Batting: LHB T.J. Richardson
|
0-0: Ball 1-0: Foul Ball, location: 2F 1-1: Ball 2-1: Ball 3-1: Foul Ball, location: 2F 3-2: TRIPLE (Flyball, 78D) Terry Christian scores
|
Batting: RHB Octávio Aldeguer
|
0-0: Ball 1-0: Called Strike 1-1: Swinging Strike 1-2: Strikes out looking
|
Batting: RHB Jake Erickson
|
0-0: SINGLE (Groundball, 56S) (infield hit) T.J. Richardson scores
|
Batting: LHB Joe Vásquez
|
0-0: Ball Wild Pitch! Jake Erickson to second 1-0: Called Strike 1-1: Ball 2-1: Ground out 4-3 (Groundball, 4) Jake Erickson to third
|
Batting: RHB Jason Ward
|
0-0: Ball 1-0: Ball 2-0: Fly out, F8 (Line Drive, 8LM)
|
Top of the 4th over - 2 run(s), 3 hit(s), 0 error(s), 1 left on base; Barry's Bay 3 - Evanston 4 |
BOTTOM OF THE 4TH |
Evanston Elitists batting - Pitching for Barry's Bay Orioles : RHP Tim Osborne
|
Batting: RHB Miguel Toro
|
0-0: Ball 1-0: Foul Ball, location: 2F 1-1: Ball 2-1: Foul Ball, location: 2F 2-2: Ball 3-2: Foul Ball, location: 2F 3-2: Strikes out swinging
|
Batting: RHB Jerry Browning
|
0-0: Ball 1-0: Called Strike 1-1: Foul Ball, location: 2F 1-2: Strikes out swinging
|
Batting: RHB Ron Newcombe
|
0-0: Foul Ball, location: 2F 0-1: Foul Ball, location: 2F 0-2: Ground out 6-3 (Groundball, 6)
|
Bottom of the 4th over - 0 run(s), 0 hit(s), 0 error(s), 0 left on base; Barry's Bay 3 - Evanston 4 |
TOP OF THE 5TH |
Barry's Bay Orioles batting - Pitching for Evanston Elitists : RHP Arthur Martínez
|
Batting: RHB Bill Pike
|
0-0: Ground out 1-3 (Groundball, P)
|
Batting: SHB Garrett Waller
|
0-0: Foul Ball, location: 2F 0-1: Fly out, F8 (Flyball, 8RD)
|
Batting: RHB Troy González
|
0-0: Called Strike 0-1: Fly out, F8 (Flyball, 8LM)
|
Top of the 5th over - 0 run(s), 0 hit(s), 0 error(s), 0 left on base; Barry's Bay 3 - Evanston 4 |
BOTTOM OF THE 5TH |
Evanston Elitists batting - Pitching for Barry's Bay Orioles : RHP Tim Osborne
|
Batting: LHB Jean-Sébastien Beaudin
|
0-0: Ball 1-0: Fly out, F8 (Flyball, 8RM)
|
Batting: LHB Luis Rodríguez
|
0-0: Ball 1-0: Swinging Strike 1-1: Foul Ball, location: 2F 1-2: Ball 2-2: Single, Error in OF, E9, batter to second base
|
Batting: SHB Jacob Wilcox
|
0-0: Ball 1-0: Ground out U3 (Groundball, 34S) Luis Rodríguez to third
|
Batting: RHB Jorge Calderón
|
0-0: Called Strike 0-1: Swinging Strike 0-2: Ball 1-2: Strikes out swinging
|
Bottom of the 5th over - 0 run(s), 1 hit(s), 1 error(s), 1 left on base; Barry's Bay 3 - Evanston 4 |
TOP OF THE 6TH |
Barry's Bay Orioles batting - Pitching for Evanston Elitists : RHP Arthur Martínez
|
Now in LF: Luis López
|
|
Batting: SHB Terry Christian
|
0-0: Foul Ball, location: 2F 0-1: Ball 1-1: Ball 2-1: Ball 3-1: Called Strike 3-2: Strikes out swinging
|
Pitching: LHP Gregory Thompson
|
|
Batting: LHB T.J. Richardson
|
0-0: Foul Ball, location: 2F 0-1: Ball 1-1: Bunt for hit - play at first, batter safe!
|
Batting: RHB Octávio Aldeguer
|
0-0: Ball 1-0: Swinging Strike 1-1: Called Strike 1-2: Strikes out swinging
|
Batting: RHB Jake Erickson
|
0-0: Called Strike 0-1: Ball 1-1: Ball 2-1: Fielders Choice at 2nd, 6-4 (Groundball, 6)
|
Top of the 6th over - 0 run(s), 1 hit(s), 0 error(s), 0 left on base; Barry's Bay 3 - Evanston 4 |
BOTTOM OF THE 6TH |
Evanston Elitists batting - Pitching for Barry's Bay Orioles : RHP Tim Osborne
|
Batting: RHB Henry Morris
|
0-0: Ball 1-0: Ball 2-0: Called Strike 2-1: Swinging Strike 2-2: Foul Ball, location: 2F 2-2: SINGLE (Flyball, 3D)
|
Batting: LHB Alberto Varela
|
0-0: Ball Henry Morris is caught stealing 2nd base 1-0: Ball 2-0: Called Strike 2-1: Ball 3-1: Base on Balls
|
Pitching: LHP Bernardo Valero
|
|
Batting: RHB Miguel Toro
|
0-0: Called Strike Alberto Varela is caught stealing 2nd base 0-1: Ball 1-1: Swinging Strike 1-2: Foul Ball, location: 2F 1-2: Foul Ball, location: 2F 1-2: DOUBLE (Flyball, 89D)
|
Batting: RHB Jerry Browning
|
0-0: Called Strike 0-1: Ball 1-1: Called Strike 1-2: Ball 2-2: Strikes out looking
|
Bottom of the 6th over - 0 run(s), 2 hit(s), 0 error(s), 1 left on base; Barry's Bay 3 - Evanston 4 |
TOP OF THE 7TH |
Barry's Bay Orioles batting - Pitching for Evanston Elitists : LHP Gregory Thompson
|
Batting: LHB Joe Vásquez
|
0-0: Ball 1-0: Called Strike 1-1: Fly out, F8 (Flyball, 8RD)
|
Batting: RHB Jason Ward
|
0-0: SINGLE (Line Drive, 78M)
|
Batting: RHB Bill Pike
|
0-0: Ball Jason Ward is caught stealing 2nd base 1-0: Called Strike 1-1: Foul Ball, location: 2F 1-2: Strikes out swinging
|
Top of the 7th over - 0 run(s), 1 hit(s), 0 error(s), 0 left on base; Barry's Bay 3 - Evanston 4 |
BOTTOM OF THE 7TH |
Evanston Elitists batting - Pitching for Barry's Bay Orioles : LHP Bernardo Valero
|
Batting: RHB Ron Newcombe
|
0-0: Ball 1-0: Foul Ball, location: 2F 1-1: Swinging Strike 1-2: Ball 2-2: Ball 3-2: Foul Ball, location: 2F 3-2: Strikes out swinging
|
Batting: LHB Jean-Sébastien Beaudin
|
0-0: Ball 1-0: Ball 2-0: Ball 3-0: Base on Balls
|
Batting: LHB Luis Rodríguez
|
0-0: Called Strike 0-1: Ball 1-1: SINGLE (Flyball, 7LS) Jean-Sébastien Beaudin to second
|
Batting: SHB Jacob Wilcox
|
0-0: Ball 1-0: Foul Ball, location: 2F 1-1: Called Strike 1-2: Foul Ball, location: 2F 1-2: Ball 2-2: Foul Ball, location: 2F 2-2: Ball 3-2: Strikes out swinging
|
Batting: RHB Luis López
|
0-0: Ball 1-0: Called Strike 1-1: Foul Ball, location: 2F 1-2: Ball 2-2: Foul Ball, location: 2F 2-2: Ball 3-2: Strikes out looking
|
Bottom of the 7th over - 0 run(s), 1 hit(s), 0 error(s), 2 left on base; Barry's Bay 3 - Evanston 4 |
TOP OF THE 8TH |
Barry's Bay Orioles batting - Pitching for Evanston Elitists : LHP Gregory Thompson
|
Pitching: RHP José Padilla
|
|
Batting: SHB Garrett Waller
|
0-0: Fly out, F8 (Line Drive, 89S)
|
Batting: RHB Troy González
|
0-0: Called Strike 0-1: Ball 1-1: Ball 2-1: Ball 3-1: SINGLE (Groundball, 6MD)
|
Batting: SHB Terry Christian
|
0-0: Ball 1-0: Ball 2-0: SINGLE (Groundball, 56D) Troy González to second
|
Batting: LHB T.J. Richardson
|
0-0: Called Strike 0-1: Foul Ball, location: 2F 0-2: Strikes out swinging
|
Batting: RHB Octávio Aldeguer
|
0-0: Called Strike 0-1: Foul Ball, location: 2F 0-2: Strikes out swinging
|
Top of the 8th over - 0 run(s), 2 hit(s), 0 error(s), 2 left on base; Barry's Bay 3 - Evanston 4 |
BOTTOM OF THE 8TH |
Evanston Elitists batting - Pitching for Barry's Bay Orioles : LHP Bernardo Valero
|
Batting: RHB Henry Morris
|
0-0: SINGLE (Line Drive, 9LS)
|
Batting: LHB Alberto Varela
|
0-0: Ball 1-0: Called Strike 1-1: Ball 2-1: Ball 3-1: Foul Ball, location: 2F 3-2: Foul Ball, location: 2F 3-2: Fly out, F7 (Flyball, 7S)
|
Batting: RHB Miguel Toro
|
0-0: Ball 1-0: Called Strike 1-1: Grounds into double play, 6-4-3 (Groundball, 56)
|
Bottom of the 8th over - 0 run(s), 1 hit(s), 0 error(s), 0 left on base; Barry's Bay 3 - Evanston 4 |
TOP OF THE 9TH |
Barry's Bay Orioles batting - Pitching for Evanston Elitists : RHP José Padilla
|
Pitching: RHP Pablo Lima
|
|
Pinch Hitting: LHB Ryan Rheaume
|
0-0: Swinging Strike 0-1: Called Strike 0-2: Foul Ball, location: 2F 0-2: Ball 1-2: Foul Ball, location: 2F 1-2: Ball 2-2: Foul Ball, location: 2F 2-2: Ball 3-2: Strikes out looking
|
Batting: LHB Joe Vásquez
|
0-0: Ball 1-0: Ball 2-0: Called Strike 2-1: Ground out 4-3 (Groundball, 4)
|
Batting: RHB Jason Ward
|
0-0: Called Strike 0-1: Ball 1-1: Foul Ball, location: 2F 1-2: Ground out 5-3 (Groundball, 56)
|
Top of the 9th over - 0 run(s), 0 hit(s), 0 error(s), 0 left on base; Barry's Bay 3 - Evanston 4 |
|